Predators vs Oilers
Created - April 5, 2021 at 19:46
Goals
|
Predators |
0 |
2 |
1 |
3 |
Oilers |
0 |
1 |
0 |
1 |
|
Shots
|
Predators |
12 |
4 |
12 |
28 |
Oilers |
8 |
14 |
11 |
33 |
|
1st period
No Goal
Penalties :
Henrik Zetterberg (EDM) for Hooking (Minor) at 1:02, Adam Larsson (EDM) for Holding (Minor) at 17:43
2nd period
1. Predators , Chris Higgins 10 (Alexander Edler 33, Ryan Kesler 39) at 11:58
2. Oilers , Nikolai Kulemin 3 (Riley Sheahan 31, Jordan Eberle 23) at 13:03
3. Predators , Mikael Granlund 28 (Jaden Schwartz 30, Chris Higgins 11) at 17:40 (PP)
Penalties :
Taylor Hall (EDM) for Interference (Minor) at 3:54, Chris Higgins (Nas) for Hooking (Minor) at 14:27, Adam Larsson (EDM) for Hooking (Minor) at 15:46, Rasmus Ristolainen (EDM) for Tripping (Minor) at 17:45
3rd period
4. Predators , Mark Pysyk 8 (Chris Higgins 12, Ryan Mcdonagh 39) at 19:15 (Empty Net)
Penalties :
Phil Kessel (EDM) for Cross-checking (Minor) at 7:13, Leon Draisaitl (EDM) for Tripping (Minor) at 16:03
Goalie Stats
Jaroslav Halak (Nas), 32 saves from 33 shots - (0.970), W, 33-25-8, 60:00 minutes
Jonas Gustavsson (EDM), 25 saves from 27 shots - (0.926), L, 10-7-0, 59:31 minutes
Players Stats for Predators
Player Name G A P +/- PIM S H SB GA TA FO MP PP MP PK MP
------------------------------------------------------------------------------------
Alexander Edler 0 1 1 1 0 1 3 1 0 0 0/0 27:34 7:35 0:40
Alexander Ovechkin 0 0 0 -1 0 7 1 0 1 0 0/1 20:39 6:49 0:08
Andy Miele 0 0 0 0 0 2 0 2 1 0 2/2 9:12 0:00 0:49
Brandon Gormley 0 0 0 0 0 0 1 1 1 0 0/0 11:36 0:00 0:00
Brendan Gallagher 0 0 0 -1 0 0 0 0 0 0 3/3 19:36 6:43 0:08
Byron Bitz 0 0 0 1 0 0 2 1 0 2 0/1 16:19 5:05 0:22
Chris Higgins 1 2 3 2 2 3 2 0 0 0 0/1 13:54 1:50 0:00
Jack Eichel 0 0 0 1 0 2 0 1 0 0 7/11 11:07 0:06 0:00
Jaden Schwartz 0 1 1 0 0 1 2 2 0 0 0/2 18:23 6:10 0:22
John Moore 0 0 0 0 0 0 0 2 1 0 0/0 20:50 5:33 0:39
Justin Abdelkader 0 0 0 1 0 0 1 1 0 0 0/0 9:05 0:00 0:00
Justin Faulk 0 0 0 0 0 0 0 1 0 1 0/0 20:50 5:33 0:39
Mark Pysyk 1 0 1 1 0 2 0 2 1 0 0/1 13:31 0:06 0:49
Mikael Granlund 1 0 1 -1 0 4 0 0 1 0 9/21 21:00 7:30 0:00
Nate Schmidt 0 0 0 0 0 0 1 2 0 0 0/0 11:36 0:00 0:00
Nik Antropov 0 0 0 0 0 0 1 0 0 0 0/0 8:23 0:00 0:00
Ryan Kesler 0 1 1 0 0 3 0 1 0 0 5/10 16:51 5:05 0:00
Ryan Mcdonagh 0 1 1 1 0 3 1 4 0 1 0/0 27:34 7:35 0:40
Players Stats for Oilers
Player Name G A P +/- PIM S H SB GA TA FO MP PP MP PK MP
------------------------------------------------------------------------------------
Adam Larsson 0 0 0 0 4 0 2 0 0 0 0/0 23:09 0:26 6:29
Brandon Sutter 0 0 0 -1 0 4 0 1 0 0 10/21 19:36 0:00 4:07
Connor McDavid 0 0 0 0 0 4 0 0 1 0 3/9 13:56 0:43 0:06
Darnell Nurse 0 0 0 0 0 0 1 1 0 2 0/0 24:58 0:52 8:48
Denis Grebeshkov 0 0 0 0 0 0 1 1 0 0 0/0 16:27 0:00 4:11
Henrik Zetterberg 0 0 0 -1 2 4 4 0 1 0 10/18 17:33 0:36 5:39
James Neal 0 0 0 0 0 3 2 0 1 0 1/1 14:27 0:00 1:19
Jordan Eberle 0 1 1 -1 0 3 2 1 0 0 1/1 20:12 0:36 4:07
Kevin Porter 0 0 0 1 0 2 1 0 0 1 0/0 5:44 0:00 0:00
Leon Draisaitl 0 0 0 -1 2 2 0 0 0 0 0/0 11:46 0:43 0:00
Nikolai Kulemin 1 0 1 1 0 3 0 0 0 0 1/2 9:43 0:00 3:39
Oscar Klefbom 0 0 0 0 0 0 0 0 0 2 0/0 13:51 0:27 2:19
Pavel Buchnevich 0 0 0 -1 0 2 1 0 1 0 0/0 11:27 0:43 0:00
Phil Kessel 0 0 0 0 2 2 1 1 0 0 0/0 13:06 0:00 0:00
Rasmus Ristolainen 0 0 0 -1 2 1 1 1 0 1 0/0 18:59 0:52 0:09
Riley Sheahan 0 1 1 1 0 1 0 1 0 0 0/0 13:11 0:00 7:19
Taylor Hall 0 0 0 -1 2 2 2 0 0 0 1/1 15:26 0:36 0:00
Tobias Enstrom 0 0 0 -1 0 0 4 1 0 0 0/0 22:34 0:00 4:20
3 Stars
1 - Chris Higgins (Nas)
2 - Jaroslav Halak (Nas)
3 - Mark Pysyk (Nas)
Power Play
Predators - 1 on 7 Attempt(s) - 14.29%
Oilers - 0 on 1 Attempt(s) - 0.00%
Penalty Kill
Predators - 1 on 1 Attempt(s) - 100.00%
- Score 0 goal in Penalty Kill
Oilers - 6 on 7 Attempt(s) - 85.71%
- Score 0 goal in Penalty Kill
Team Stat
Predators - Hits : 15 - Faceoff Wins : 26 - Blocked Shots : 21 - Penalty Minutes : 2
Oilers - Hits : 22 - Faceoff Wins : 27 - Blocked Shots : 8 - Penalty Minutes : 14
Official
Referees : Unknown
Linesman : Unknown
Game Notes
Mark Pysyk has scored in a empty net!
Finance
Level 1 -- Attendance: 5242 (87.37%) -- Ticket Income $576,620
Level 2 -- Attendance: 3682 (73.64%) -- Ticket Income $257,740
Level 3 -- Attendance: 1679 (83.95%) -- Ticket Income $77,234
Level 4 -- Attendance: 3282 (82.05%) -- Ticket Income $98,460
Luxury Box -- Attendance: 929 (92.90%) -- Ticket Income $167,220
Game was played at the Rogers Arena.
Total Attendance: 14814 (82.30%)
Total Ticket Income: $1,177,274
Other Income: $176,591
Total Income: $1,353,865
Predators
5 vs 5 Forward
Center Left Wing Right Wing Time % Phy DF OF
1 Mikael Granlund Alexander Ovechkin Brendan Gallagher 40 1 2 2
2 Ryan Kesler Jaden Schwartz Mark Pysyk 30 1 2 2
3 Jack Eichel Chris Higgins Byron Bitz 20 1 2 2
4 Andy Miele Justin Abdelkader Nik Antropov 10 1 2 2
5 vs 5 Defense
Defense Defense Time % Phy DF OF
1 Ryan Mcdonagh Alexander Edler 40 1 2 2
2 John Moore Justin Faulk 30 1 2 2
3 Nate Schmidt Brandon Gormley 20 1 2 2
4 Ryan Mcdonagh Alexander Edler 10 1 2 2
PowerPlay Forward
Center Left Wing Right Wing Time % Phy DF OF
1 Mikael Granlund Alexander Ovechkin Brendan Gallagher 60 1 1 3
2 Ryan Kesler Jaden Schwartz Byron Bitz 40 1 1 3
PowerPlay Defense
Defense Defense Time % Phy DF OF
1 Ryan Mcdonagh Alexander Edler 60 1 1 3
2 John Moore Justin Faulk 40 1 1 3
Penalty Kill 4 Players Forward
Center Wing Time % Phy DF OF
1 Andy Miele Mark Pysyk 60 1 3 1
2 Jaden Schwartz Byron Bitz 40 1 3 1
Penalty Kill 4 Players Defense
Defense Defense Time % Phy DF OF
1 Ryan Mcdonagh Alexander Edler 60 1 3 1
2 John Moore Justin Faulk 40 1 3 1
Penalty Kill - 3 Players Forward
Forward Time % Phy DF OF
1 Andy Miele 60 1 3 1
2 Jaden Schwartz 40 1 3 1
Penalty Kill - 3 Players Defense
Defense Defense Time % Phy DF OF
1 Ryan Mcdonagh Alexander Edler 60 1 3 1
2 John Moore Justin Faulk 40 1 3 1
4 vs 4 Forward
Center Wing Time % Phy DF OF
1 Mikael Granlund Alexander Ovechkin 60 1 2 2
2 Ryan Kesler Jaden Schwartz 40 1 2 2
4 vs 4 Defense
Defense Defense Time % Phy DF OF
1 Ryan Mcdonagh Alexander Edler 60 1 2 2
2 John Moore Justin Faulk 40 1 2 2
Last Minutes Offensive
Center Left Wing Right Wing Defense Defense
Ryan Kesler Alexander Ovechkin Mikael Granlund Ryan Mcdonagh Alexander Edler
Last Minutes Defensive
Center Left Wing Right Wing Defense Defense
Andy Miele Jaden Schwartz Brendan Gallagher Ryan Mcdonagh John Moore
Goaltenders
Starting : Jaroslav Halak
Backup : Anders Lindback
Extra Forwards
Normal : Chris Higgins, Alexander Ovechkin, Jaden Schwartz - PP : Chris Higgins, Alexander Ovechkin - PK : Brendan Gallagher
Extra Defensemen
Normal : Brandon Gormley, Nate Schmidt, John Moore - PP : Brandon Gormley - PK : Nate Schmidt, Brandon Gormley
Penalty Shots
Jaden Schwartz, Jack Eichel, Alexander Ovechkin, Ryan Kesler, Ryan Mcdonagh
Scratches
Dmitri Kalinin (Healthy)
Oilers
5 vs 5 Forward
Center Left Wing Right Wing Time % Phy DF OF
1 Brandon Sutter Taylor Hall Jordan Eberle 40 1 2 2
2 Connor McDavid James Neal Phil Kessel 30 1 2 2
3 Henrik Zetterberg Leon Draisaitl Pavel Buchnevich 20 1 2 2
4 Kevin Porter Nikolai Kulemin Riley Sheahan 10 1 2 2
5 vs 5 Defense
Defense Defense Time % Phy DF OF
1 Tobias Enstrom Rasmus Ristolainen 40 1 2 2
2 Darnell Nurse Adam Larsson 30 1 2 2
3 Denis Grebeshkov Oscar Klefbom 20 1 2 2
4 Adam Larsson Denis Grebeshkov 10 1 2 2
PowerPlay Forward
Center Left Wing Right Wing Time % Phy DF OF
1 Connor McDavid Leon Draisaitl Pavel Buchnevich 60 1 2 2
2 Henrik Zetterberg Taylor Hall Jordan Eberle 40 1 2 2
PowerPlay Defense
Defense Defense Time % Phy DF OF
1 Darnell Nurse Rasmus Ristolainen 60 1 2 2
2 Oscar Klefbom Adam Larsson 40 1 2 2
Penalty Kill 4 Players Forward
Center Wing Time % Phy DF OF
1 Henrik Zetterberg Riley Sheahan 60 1 2 2
2 Brandon Sutter Jordan Eberle 40 1 2 2
Penalty Kill 4 Players Defense
Defense Defense Time % Phy DF OF
1 Adam Larsson Darnell Nurse 60 1 2 2
2 Denis Grebeshkov Tobias Enstrom 40 1 2 2
Penalty Kill - 3 Players Forward
Forward Time % Phy DF OF
1 Henrik Zetterberg 60 1 2 2
2 Jordan Eberle 40 1 2 2
Penalty Kill - 3 Players Defense
Defense Defense Time % Phy DF OF
1 Tobias Enstrom Rasmus Ristolainen 60 1 2 2
2 Darnell Nurse Denis Grebeshkov 40 1 2 2
4 vs 4 Forward
Center Wing Time % Phy DF OF
1 Brandon Sutter Jordan Eberle 60 1 2 2
2 Henrik Zetterberg Riley Sheahan 40 1 2 2
4 vs 4 Defense
Defense Defense Time % Phy DF OF
1 Tobias Enstrom Rasmus Ristolainen 60 1 2 2
2 Darnell Nurse Denis Grebeshkov 40 1 2 2
Last Minutes Offensive
Center Left Wing Right Wing Defense Defense
Henrik Zetterberg Taylor Hall Jordan Eberle Tobias Enstrom Rasmus Ristolainen
Last Minutes Defensive
Center Left Wing Right Wing Defense Defense
Henrik Zetterberg Taylor Hall Jordan Eberle Tobias Enstrom Rasmus Ristolainen
Goaltenders
Starting : Jonas Gustavsson
Backup : James Reimer
Extra Forwards
Normal : Leon Draisaitl, Connor McDavid, Nikolai Kulemin - PP : Leon Draisaitl, Connor McDavid - PK : Nikolai Kulemin
Extra Defensemen
Normal : Adam Larsson, Oscar Klefbom, Darnell Nurse - PP : Adam Larsson - PK : Oscar Klefbom, Darnell Nurse
Penalty Shots
Taylor Hall, Jordan Eberle, Phil Kessel, Riley Sheahan, Henrik Zetterberg
Scratches
Anton Volchenkov (Healthy), Jordan Caron (Healthy), Mike Smith (Healthy)
% Time on Ice - Predators
Lines # - Real PCT - Wanted PCT - Time Play
Normal Forward
1 - 29% - 40% - 12:48
2 - 28% - 30% - 12:44
3 - 24% - 20% - 10:58
4 - 19% - 10% - 8:23
Normal Defense
1 - 39% - 40% - 17:37
2 - 32% - 30% - 14:33
3 - 26% - 20% - 11:36
4 - 2% - 10% - 1:07
PP Forward
1 - 61% - 60% - 8:03
2 - 39% - 40% - 5:05
PP Defense
1 - 58% - 60% - 7:35
2 - 42% - 40% - 5:33
PK Forward
1 - 72% - 60% - 0:57
2 - 28% - 40% - 0:22
PK Defense
1 - 51% - 60% - 0:40
2 - 49% - 40% - 0:39
PK3 Forward
1 - 0% - 60%
2 - 0% - 40%
PK3 Defense
1 - 0% - 60%
2 - 0% - 40%
44 Forward
1 - 100% - 60% - 0:40
2 - 0% - 40% - 0:00
44 Defense
1 - 88% - 60% - 0:35
2 - 13% - 40% - 0:05
Last Minute Offensive - 0:00
Last Minute Defensive - 0:00
Total
Forward - 60:00
Defense - 60:00
|
% Time on Ice - Oilers
Lines # - Real PCT - Wanted PCT - Time Play
Normal Forward
1 - 34% - 40% - 15:17
2 - 29% - 30% - 13:08
3 - 24% - 20% - 10:44
4 - 13% - 10% - 5:44
Normal Defense
1 - 40% - 40% - 18:09
2 - 32% - 30% - 14:29
3 - 22% - 20% - 10:01
4 - 5% - 10% - 2:14
PP Forward
1 - 54% - 60% - 0:43
2 - 46% - 40% - 0:36
PP Defense
1 - 66% - 60% - 0:52
2 - 34% - 40% - 0:27
PK Forward
1 - 68% - 60% - 8:52
2 - 32% - 40% - 4:16
PK Defense
1 - 68% - 60% - 8:57
2 - 32% - 40% - 4:11
PK3 Forward
1 - 0% - 60%
2 - 0% - 40%
PK3 Defense
1 - 0% - 60%
2 - 0% - 40%
44 Forward
1 - 90% - 60% - 0:36
2 - 10% - 40% - 0:04
44 Defense
1 - 100% - 60% - 0:40
2 - 0% - 40% - 0:00
Last Minute Offensive - 0:00
Last Minute Defensive - 0:00
Total
Forward - 60:00
Defense - 60:00
|
Play-by-Play
1st period
0:01 of 1st period - Brandon Sutter wins face-off versus Mikael Granlund in neutral zone.
0:32 of 1st period - Wrist shot by Jaden Schwartz.
0:32 of 1st period - Deflect By Rasmus Ristolainen.
0:32 of 1st period - Stopped by Jonas Gustavsson with a rebound.
0:34 of 1st period - Backhand shot by Ryan Mcdonagh.
0:34 of 1st period - Stopped by Jonas Gustavsson without a rebound.
0:35 of 1st period - Henrik Zetterberg wins face-off versus Ryan Kesler in Oilers zone.
0:40 of 1st period - Snap shot by Henrik Zetterberg.
0:40 of 1st period - Deflect By Mark Pysyk.
0:40 of 1st period - Shot Misses the Net.
0:40 of 1st period - Puck is out of play.
0:41 of 1st period - Henrik Zetterberg wins face-off versus Byron Bitz in Predators zone.
1:02 of 1st period - Minor Penalty to Henrik Zetterberg for Hooking.
1:03 of 1st period - Mikael Granlund wins face-off versus Nikolai Kulemin in Oilers zone.
1:14 of 1st period - Wrist shot by Brendan Gallagher.
1:14 of 1st period - Deflect By Alexander Ovechkin.
1:14 of 1st period - Stopped by Jonas Gustavsson with a rebound.
1:16 of 1st period - Snap shot by Alexander Ovechkin.
1:16 of 1st period - Stopped by Jonas Gustavsson without a rebound.
1:17 of 1st period - Nikolai Kulemin wins face-off versus Mikael Granlund in Oilers zone.
1:17 of 1st period - Nikolai Kulemin is hit by Ryan Mcdonagh.
2:35 of 1st period - Slapshot by Mikael Granlund.
2:35 of 1st period - Shot Blocked by Riley Sheahan.
2:37 of 1st period - Slapshot by Ryan Mcdonagh.
2:37 of 1st period - Stopped by Jonas Gustavsson without a rebound.
2:38 of 1st period - Ryan Kesler wins face-off versus Brandon Sutter in Oilers zone.
2:51 of 1st period - Slapshot by Justin Faulk.
2:51 of 1st period - Shot Misses the Net.
2:53 of 1st period - Slapshot by John Moore.
2:53 of 1st period - Shot Blocked by Tobias Enstrom.
3:02 of 1st period - Penalty to Henrik Zetterberg is over, Henrik Zetterberg is back on ice.
4:09 of 1st period - Slapshot by Rasmus Ristolainen.
4:09 of 1st period - Shot Blocked by Mark Pysyk.
4:11 of 1st period - Slapshot by Connor McDavid.
4:11 of 1st period - Shot Blocked by Mark Pysyk.
4:13 of 1st period - Snap shot by Connor McDavid.
4:13 of 1st period - Stopped by Jaroslav Halak with a rebound.
4:23 of 1st period - Adam Larsson is hit by Chris Higgins and loses puck.
4:38 of 1st period - Nik Antropov is hit by Henrik Zetterberg and loses puck.
5:11 of 1st period - Adam Larsson is hit by Alexander Edler and loses puck.
6:04 of 1st period - Wrist shot by Chris Higgins.
6:04 of 1st period - Stopped by Jonas Gustavsson without a rebound.
6:05 of 1st period - Jack Eichel wins face-off versus Brandon Sutter in Oilers zone.
7:01 of 1st period - Backhand shot by Nikolai Kulemin.
7:01 of 1st period - Stopped by Jaroslav Halak with a rebound.
7:03 of 1st period - Snap shot by Kevin Porter.
7:03 of 1st period - Shot Blocked by Justin Faulk.
7:27 of 1st period - Slapshot by Justin Abdelkader.
7:27 of 1st period - Deflect By Andy Miele.
7:27 of 1st period - Shot Misses the Net.
7:27 of 1st period - Puck is out of play.
7:28 of 1st period - James Neal wins face-off versus Jaden Schwartz in Oilers zone.
7:40 of 1st period - Wrist shot by James Neal.
7:40 of 1st period - Stopped by Jaroslav Halak with a rebound.
8:44 of 1st period - Slapshot by Andy Miele.
8:44 of 1st period - Stopped by Jonas Gustavsson with a rebound.
9:11 of 1st period - Wrist shot by Jaden Schwartz.
9:11 of 1st period - Shot Blocked by Rasmus Ristolainen.
9:15 of 1st period - Slapshot by Ryan Kesler.
9:15 of 1st period - Shot Misses the Net.
9:29 of 1st period - Wrist shot by Connor McDavid.
9:29 of 1st period - Stopped by Jaroslav Halak without a rebound.
9:30 of 1st period - Mikael Granlund wins face-off versus Connor McDavid in Predators zone.
9:41 of 1st period - Snap shot by Brendan Gallagher.
9:41 of 1st period - Shot Misses the Net.
9:43 of 1st period - Wrist shot by Brendan Gallagher.
9:43 of 1st period - Deflect By Alexander Ovechkin.
9:43 of 1st period - Shot Misses the Net.
9:43 of 1st period - Puck is out of play.
9:44 of 1st period - Brandon Sutter wins face-off versus Mikael Granlund in Oilers zone.
10:34 of 1st period - Backhand shot by Jaden Schwartz.
10:34 of 1st period - Shot Hit the Post.
10:36 of 1st period - Snap shot by Ryan Kesler.
10:36 of 1st period - Stopped by Jonas Gustavsson with a rebound.
10:38 of 1st period - Snap shot by Mark Pysyk.
10:38 of 1st period - Stopped by Jonas Gustavsson without a rebound.
10:39 of 1st period - Brandon Sutter wins face-off versus Ryan Kesler in Oilers zone.
10:48 of 1st period - Wrist shot by Jordan Eberle.
10:48 of 1st period - Shot Blocked by Brandon Gormley.
10:50 of 1st period - Slapshot by Taylor Hall.
10:50 of 1st period - Shot Blocked by Nate Schmidt.
10:57 of 1st period - Off-side.
10:58 of 1st period - Jack Eichel wins face-off versus Connor McDavid in neutral zone.
12:18 of 1st period - Wrist shot by Chris Higgins.
12:18 of 1st period - Shot Blocked by Denis Grebeshkov.
12:59 of 1st period - Slapshot by Alexander Edler.
12:59 of 1st period - Stopped by Jonas Gustavsson with a rebound.
13:21 of 1st period - Snap shot by Brendan Gallagher.
13:21 of 1st period - Deflect By Alexander Ovechkin.
13:21 of 1st period - Shot Misses the Net.
13:21 of 1st period - Puck is out of play.
13:22 of 1st period - Brandon Sutter wins face-off versus Mikael Granlund in Oilers zone.
13:33 of 1st period - John Moore is hit by Jordan Eberle and loses puck.
13:48 of 1st period - John Moore is hit by Adam Larsson and loses puck.
13:59 of 1st period - Slapshot by Henrik Zetterberg.
13:59 of 1st period - Stopped by Jaroslav Halak without a rebound.
14:00 of 1st period - Brandon Sutter wins face-off versus Mark Pysyk in Predators zone.
14:33 of 1st period - Slapshot by Alexander Edler.
14:33 of 1st period - Shot Misses the Net.
15:37 of 1st period - Slapshot by Tobias Enstrom.
15:37 of 1st period - Shot Blocked by Jaden Schwartz.
15:39 of 1st period - Wrist shot by Brandon Sutter.
15:39 of 1st period - Stopped by Jaroslav Halak with a rebound.
15:41 of 1st period - Wrist shot by Jordan Eberle.
15:41 of 1st period - Stopped by Jaroslav Halak with a rebound.
15:43 of 1st period - Slapshot by Rasmus Ristolainen.
15:43 of 1st period - Deflect By Taylor Hall.
15:43 of 1st period - Shot Misses the Net.
15:43 of 1st period - Puck is out of play.
15:44 of 1st period - Jordan Eberle wins face-off versus Ryan Kesler in Predators zone.
15:49 of 1st period - Snap shot by Brandon Sutter.
15:49 of 1st period - Stopped by Jaroslav Halak with a rebound.
16:03 of 1st period - Mark Pysyk is hit by Taylor Hall and loses puck.
16:16 of 1st period - Slapshot by Brendan Gallagher.
16:16 of 1st period - Shot Blocked by Darnell Nurse.
16:18 of 1st period - Slapshot by Nate Schmidt.
16:18 of 1st period - Shot Blocked by Phil Kessel.
16:22 of 1st period - Backhand shot by Alexander Ovechkin.
16:22 of 1st period - Stopped by Jonas Gustavsson with a rebound.
16:24 of 1st period - Wrist shot by Alexander Ovechkin.
16:24 of 1st period - Stopped by Jonas Gustavsson without a rebound.
16:25 of 1st period - Jack Eichel wins face-off versus Henrik Zetterberg in Oilers zone.
16:26 of 1st period - Wrist shot by Chris Higgins.
16:26 of 1st period - Shot Misses the Net.
16:30 of 1st period - Slapshot by Chris Higgins.
16:30 of 1st period - Shot Misses the Net.
17:20 of 1st period - Brandon Gormley is hit by Tobias Enstrom and loses puck.
17:35 of 1st period - Nate Schmidt is hit by Darnell Nurse and loses puck.
17:43 of 1st period - Minor Penalty to Adam Larsson for Holding.
17:44 of 1st period - Mikael Granlund wins face-off versus Henrik Zetterberg in Oilers zone.
18:21 of 1st period - Snap shot by Brandon Sutter.
18:21 of 1st period - Shot Blocked by Ryan Mcdonagh.
19:43 of 1st period - Penalty to Adam Larsson is over, Adam Larsson is back on ice.
19:53 of 1st period - Wrist shot by Phil Kessel.
19:53 of 1st period - Shot Blocked by Andy Miele.
19:55 of 1st period - Slapshot by Darnell Nurse.
19:55 of 1st period - Shot Blocked by Alexander Edler.
Goals for this period are 0 for Predators vs 0 for Oilers.
Shots for this period are 12 for Predators vs 8 for Oilers.
2nd period
0:01 of 2nd period - Taylor Hall wins face-off versus Mikael Granlund in neutral zone.
0:26 of 2nd period - Mark Pysyk is hit by Tobias Enstrom and loses puck.
1:11 of 2nd period - Slapshot by Tobias Enstrom.
1:11 of 2nd period - Shot Blocked by John Moore.
1:31 of 2nd period - Brandon Sutter is hit by Justin Abdelkader.
2:04 of 2nd period - Denis Grebeshkov is hit by Jaden Schwartz.
2:24 of 2nd period - Snap shot by Henrik Zetterberg.
2:24 of 2nd period - Stopped by Jaroslav Halak without a rebound.
2:25 of 2nd period - Henrik Zetterberg wins face-off versus Jack Eichel in Predators zone.
3:04 of 2nd period - Slapshot by Leon Draisaitl.
3:04 of 2nd period - Stopped by Jaroslav Halak with a rebound.
3:10 of 2nd period - Slapshot by Rasmus Ristolainen.
3:10 of 2nd period - Stopped by Jaroslav Halak with a rebound.
3:22 of 2nd period - Slapshot by Ryan Mcdonagh.
3:22 of 2nd period - Shot Misses the Net.
3:28 of 2nd period - Snap shot by Chris Higgins.
3:28 of 2nd period - Shot Misses the Net.
3:30 of 2nd period - Snap shot by Jack Eichel.
3:30 of 2nd period - Deflect By Chris Higgins.
3:30 of 2nd period - Stopped by Jonas Gustavsson without a rebound.
3:31 of 2nd period - Mikael Granlund wins face-off versus Brandon Sutter in Oilers zone.
3:54 of 2nd period - Minor Penalty to Taylor Hall for Interference.
3:55 of 2nd period - Henrik Zetterberg wins face-off versus Mikael Granlund in Oilers zone.
3:55 of 2nd period - Henrik Zetterberg is hit by Alexander Ovechkin.
5:50 of 2nd period - John Moore is hit by Adam Larsson and loses puck.
5:54 of 2nd period - Penalty to Taylor Hall is over, Taylor Hall is back on ice.
6:27 of 2nd period - Chris Higgins is hit by Phil Kessel and loses puck.
6:58 of 2nd period - Wrist shot by Taylor Hall.
6:58 of 2nd period - Stopped by Jaroslav Halak with a rebound.
7:26 of 2nd period - Oscar Klefbom is hit by Nate Schmidt and loses puck.
8:41 of 2nd period - Jack Eichel is hit by James Neal and loses puck.
8:50 of 2nd period - Connor McDavid is hit by Alexander Edler and loses puck.
9:57 of 2nd period - Wrist shot by Connor McDavid.
9:57 of 2nd period - Stopped by Jaroslav Halak with a rebound.
9:59 of 2nd period - Wrist shot by Connor McDavid.
9:59 of 2nd period - Shot Blocked by Andy Miele.
10:01 of 2nd period - Slapshot by Phil Kessel.
10:01 of 2nd period - Shot Blocked by Nate Schmidt.
10:03 of 2nd period - Slapshot by James Neal.
10:03 of 2nd period - Stopped by Jaroslav Halak with a rebound.
10:05 of 2nd period - Slapshot by Darnell Nurse.
10:05 of 2nd period - Shot Blocked by Justin Abdelkader.
10:07 of 2nd period - Snap shot by Phil Kessel.
10:07 of 2nd period - Stopped by Jaroslav Halak without a rebound.
10:08 of 2nd period - Brandon Sutter wins face-off versus Mikael Granlund in Predators zone.
10:09 of 2nd period - Slapshot by Taylor Hall.
10:09 of 2nd period - Stopped by Jaroslav Halak without a rebound.
10:10 of 2nd period - Brandon Sutter wins face-off versus Alexander Ovechkin in Predators zone.
10:22 of 2nd period - Snap shot by Brandon Sutter.
10:22 of 2nd period - Shot Misses the Net.
11:07 of 2nd period - Slapshot by Ryan Mcdonagh.
11:07 of 2nd period - Stopped by Jonas Gustavsson without a rebound.
11:08 of 2nd period - Mikael Granlund wins face-off versus Brandon Sutter in Oilers zone.
11:15 of 2nd period - Backhand shot by Jordan Eberle.
11:15 of 2nd period - Stopped by Jaroslav Halak with a rebound.
11:58 of 2nd period - Wrist shot by Chris Higgins.
11:58 of 2nd period - Goal by Chris Higgins - Predators : 1 - Oilers : 0.
11:59 of 2nd period - Brandon Sutter wins face-off versus Mikael Granlund in neutral zone.
12:02 of 2nd period - Slapshot by Tobias Enstrom.
12:02 of 2nd period - Shot Blocked by John Moore.
12:26 of 2nd period - Jaden Schwartz is hit by James Neal and loses puck.
12:31 of 2nd period - Slapshot by James Neal.
12:31 of 2nd period - Stopped by Jaroslav Halak without a rebound.
12:32 of 2nd period - Connor McDavid wins face-off versus Ryan Kesler in Predators zone.
12:37 of 2nd period - Snap shot by Connor McDavid.
12:37 of 2nd period - Shot Blocked by Jaden Schwartz.
12:39 of 2nd period - Wrist shot by Connor McDavid.
12:39 of 2nd period - Shot Misses the Net.
12:43 of 2nd period - Slapshot by Connor McDavid.
12:43 of 2nd period - Deflect By Phil Kessel.
12:43 of 2nd period - Deflect By Ryan Mcdonagh.
12:43 of 2nd period - Stopped by Jaroslav Halak with a rebound.
12:49 of 2nd period - Snap shot by Connor McDavid.
12:49 of 2nd period - Shot Blocked by Ryan Kesler.
13:03 of 2nd period - Snap shot by Nikolai Kulemin.
13:03 of 2nd period - Goal by Nikolai Kulemin - Predators : 1 - Oilers : 1.
13:04 of 2nd period - Mikael Granlund wins face-off versus Brandon Sutter in neutral zone.
13:25 of 2nd period - Icing by Brendan Gallagher.
13:26 of 2nd period - Connor McDavid wins face-off versus Mikael Granlund in Predators zone.
13:35 of 2nd period - Slapshot by Connor McDavid.
13:35 of 2nd period - Deflect By Alexander Ovechkin.
13:35 of 2nd period - Stopped by Jaroslav Halak with a rebound.
13:43 of 2nd period - Wrist shot by Ryan Mcdonagh.
13:43 of 2nd period - Deflect By Alexander Ovechkin.
13:43 of 2nd period - Shot Misses the Net.
13:43 of 2nd period - Puck is out of play.
13:44 of 2nd period - Ryan Kesler wins face-off versus Brandon Sutter in Oilers zone.
14:11 of 2nd period - Tobias Enstrom is hit by Byron Bitz.
14:27 of 2nd period - Minor Penalty to Chris Higgins for Hooking.
14:28 of 2nd period - Andy Miele wins face-off versus Connor McDavid in Predators zone.
14:37 of 2nd period - Slapshot by Pavel Buchnevich.
14:37 of 2nd period - Stopped by Jaroslav Halak with a rebound.
15:15 of 2nd period - Byron Bitz is hit by Rasmus Ristolainen and loses puck.
15:46 of 2nd period - Minor Penalty to Adam Larsson for Hooking.
15:47 of 2nd period - Mikael Granlund wins face-off versus Brandon Sutter in Oilers zone.
16:00 of 2nd period - Wrist shot by Mikael Granlund.
16:00 of 2nd period - Shot Misses the Net.
16:27 of 2nd period - Penalty to Chris Higgins is over, Chris Higgins is back on ice.
17:40 of 2nd period - Wrist shot by Mikael Granlund.
17:40 of 2nd period - Goal by Mikael Granlund - Predators : 2 - Oilers : 1.
17:41 of 2nd period - Andy Miele wins face-off versus Brandon Sutter in neutral zone.
17:45 of 2nd period - Minor Penalty to Rasmus Ristolainen for Tripping.
17:46 of 2nd period - Ryan Kesler wins face-off versus Henrik Zetterberg in Oilers zone.
17:55 of 2nd period - Darnell Nurse is hit by Alexander Edler and loses puck.
18:22 of 2nd period - Jordan Eberle is hit by Jaden Schwartz and loses puck.
19:45 of 2nd period - Penalty to Rasmus Ristolainen is over, Rasmus Ristolainen is back on ice.
Goals for this period are 2 for Predators vs 1 for Oilers.
Shots for this period are 4 for Predators vs 14 for Oilers.
3rd period
0:01 of 3rd period - Brendan Gallagher wins face-off versus Brandon Sutter in neutral zone.
0:04 of 3rd period - Slapshot by Alexander Edler.
0:04 of 3rd period - Shot Misses the Net.
0:06 of 3rd period - Slapshot by Mikael Granlund.
0:06 of 3rd period - Stopped by Jonas Gustavsson with a rebound.
0:08 of 3rd period - Wrist shot by Alexander Ovechkin.
0:08 of 3rd period - Stopped by Jonas Gustavsson without a rebound.
0:09 of 3rd period - Brandon Sutter wins face-off versus Mikael Granlund in Oilers zone.
0:18 of 3rd period - Snap shot by Taylor Hall.
0:18 of 3rd period - Shot Misses the Net.
1:06 of 3rd period - Slapshot by Brendan Gallagher.
1:06 of 3rd period - Shot Blocked by Brandon Sutter.
1:08 of 3rd period - Slapshot by Alexander Edler.
1:08 of 3rd period - Deflect By Mikael Granlund.
1:08 of 3rd period - Shot Blocked by Jordan Eberle.
1:08 of 3rd period - Puck is out of play.
1:09 of 3rd period - Connor McDavid wins face-off versus Ryan Kesler in Oilers zone.
1:57 of 3rd period - Snap shot by Andy Miele.
1:57 of 3rd period - Stopped by Jonas Gustavsson without a rebound.
1:58 of 3rd period - Ryan Kesler wins face-off versus Connor McDavid in Oilers zone.
2:24 of 3rd period - Chris Higgins is hit by Jordan Eberle and loses puck.
2:51 of 3rd period - Alexander Ovechkin is hit by Denis Grebeshkov and loses puck.
3:04 of 3rd period - Kevin Porter is hit by Brandon Gormley and loses puck.
3:48 of 3rd period - Slapshot by Rasmus Ristolainen.
3:48 of 3rd period - Shot Blocked by Byron Bitz.
3:50 of 3rd period - Snap shot by Brandon Sutter.
3:50 of 3rd period - Stopped by Jaroslav Halak without a rebound.
3:51 of 3rd period - Jack Eichel wins face-off versus Brandon Sutter in Predators zone.
4:06 of 3rd period - Snap shot by Jack Eichel.
4:06 of 3rd period - Shot Misses the Net.
4:08 of 3rd period - Wrist shot by Jack Eichel.
4:08 of 3rd period - Stopped by Jonas Gustavsson with a rebound.
4:37 of 3rd period - Slapshot by Taylor Hall.
4:37 of 3rd period - Shot Misses the Net.
4:51 of 3rd period - Slapshot by Jack Eichel.
4:51 of 3rd period - Stopped by Jonas Gustavsson without a rebound.
4:52 of 3rd period - Mikael Granlund wins face-off versus Connor McDavid in Oilers zone.
4:53 of 3rd period - Backhand shot by Alexander Ovechkin.
4:53 of 3rd period - Stopped by Jonas Gustavsson with a rebound.
4:55 of 3rd period - Snap shot by Alexander Ovechkin.
4:55 of 3rd period - Stopped by Jonas Gustavsson with a rebound.
4:57 of 3rd period - Wrist shot by Alexander Ovechkin.
4:57 of 3rd period - Shot Misses the Net.
5:49 of 3rd period - Nik Antropov is hit by Tobias Enstrom and loses puck.
6:20 of 3rd period - John Moore is hit by Pavel Buchnevich and loses puck.
6:33 of 3rd period - Snap shot by Chris Higgins.
6:33 of 3rd period - Shot Misses the Net.
6:45 of 3rd period - Slapshot by Oscar Klefbom.
6:45 of 3rd period - Shot Blocked by Ryan Mcdonagh.
6:47 of 3rd period - Snap shot by Kevin Porter.
6:47 of 3rd period - Stopped by Jaroslav Halak with a rebound.
6:49 of 3rd period - Slapshot by Nikolai Kulemin.
6:49 of 3rd period - Stopped by Jaroslav Halak with a rebound.
6:58 of 3rd period - Snap shot by Riley Sheahan.
6:58 of 3rd period - Stopped by Jaroslav Halak without a rebound.
6:59 of 3rd period - Brendan Gallagher wins face-off versus Connor McDavid in Predators zone.
7:13 of 3rd period - Minor Penalty to Phil Kessel for Cross-checking.
7:14 of 3rd period - Mikael Granlund wins face-off versus Henrik Zetterberg in Oilers zone.
7:16 of 3rd period - Snap shot by Mikael Granlund.
7:16 of 3rd period - Stopped by Jonas Gustavsson without a rebound.
7:17 of 3rd period - Brendan Gallagher wins face-off versus Henrik Zetterberg in Oilers zone.
7:53 of 3rd period - Slapshot by Jaden Schwartz.
7:53 of 3rd period - Shot Misses the Net.
9:13 of 3rd period - Penalty to Phil Kessel is over, Phil Kessel is back on ice.
9:33 of 3rd period - Rasmus Ristolainen is hit by Nik Antropov and loses puck.
9:44 of 3rd period - Nate Schmidt is hit by Taylor Hall and loses puck.
9:57 of 3rd period - Mark Pysyk is hit by Henrik Zetterberg and loses puck.
10:02 of 3rd period - Slapshot by Rasmus Ristolainen.
10:02 of 3rd period - Shot Misses the Net.
10:47 of 3rd period - Snap shot by Justin Abdelkader.
10:47 of 3rd period - Shot Misses the Net.
11:28 of 3rd period - Darnell Nurse is hit by Byron Bitz and loses puck.
12:05 of 3rd period - Snap shot by Connor McDavid.
12:05 of 3rd period - Shot Blocked by Ryan Mcdonagh.
12:43 of 3rd period - Snap shot by Pavel Buchnevich.
12:43 of 3rd period - Stopped by Jaroslav Halak with a rebound.
12:45 of 3rd period - Slapshot by Tobias Enstrom.
12:45 of 3rd period - Deflect By Henrik Zetterberg.
12:45 of 3rd period - Shot Blocked by Jack Eichel.
12:45 of 3rd period - Puck is out of play.
12:46 of 3rd period - Jack Eichel wins face-off versus Brandon Sutter in Predators zone.
14:09 of 3rd period - Ryan Mcdonagh is hit by Tobias Enstrom and loses puck.
14:16 of 3rd period - Wrist shot by Kevin Porter.
14:16 of 3rd period - Stopped by Jaroslav Halak with a rebound.
14:33 of 3rd period - Alexander Edler is hit by Henrik Zetterberg and loses puck.
15:31 of 3rd period - Jack Eichel is hit by Kevin Porter and loses puck.
15:51 of 3rd period - Off-side.
15:52 of 3rd period - Henrik Zetterberg wins face-off versus Jaden Schwartz in neutral zone.
15:55 of 3rd period - Jaden Schwartz is hit by Henrik Zetterberg and loses puck.
16:03 of 3rd period - Minor Penalty to Leon Draisaitl for Tripping.
16:04 of 3rd period - Henrik Zetterberg wins face-off versus Mikael Granlund in Oilers zone.
16:19 of 3rd period - Wrist shot by Mikael Granlund.
16:19 of 3rd period - Stopped by Jonas Gustavsson with a rebound.
16:39 of 3rd period - Snap shot by Jaden Schwartz.
16:39 of 3rd period - Shot Misses the Net.
16:41 of 3rd period - Wrist shot by Ryan Kesler.
16:41 of 3rd period - Stopped by Jonas Gustavsson without a rebound.
16:42 of 3rd period - Henrik Zetterberg wins face-off versus Mikael Granlund in Oilers zone.
17:07 of 3rd period - Backhand shot by Ryan Kesler.
17:07 of 3rd period - Stopped by Jonas Gustavsson with a rebound.
18:03 of 3rd period - Penalty to Leon Draisaitl is over, Leon Draisaitl is back on ice.
18:13 of 3rd period - Henrik Zetterberg is hit by Chris Higgins and loses puck.
18:38 of 3rd period - Slapshot by Jordan Eberle.
18:38 of 3rd period - Stopped by Jaroslav Halak without a rebound.
18:39 of 3rd period - Brandon Sutter wins face-off versus Chris Higgins in Predators zone.
18:46 of 3rd period - Oilers, Jonas Gustavsson is pulled from the net.
18:52 of 3rd period - Backhand shot by Brandon Sutter.
18:52 of 3rd period - Stopped by Jaroslav Halak with a rebound.
19:00 of 3rd period - Wrist shot by Brandon Sutter.
19:00 of 3rd period - Shot Blocked by Ryan Mcdonagh.
19:15 of 3rd period - Slapshot by Mark Pysyk.
19:15 of 3rd period - Goal by Mark Pysyk - Predators : 3 - Oilers : 1.
19:15 of 3rd period - Jonas Gustavsson from Oilers was sent back in the game.
19:16 of 3rd period - Ryan Kesler wins face-off versus Henrik Zetterberg in neutral zone.
19:19 of 3rd period - Slapshot by Alexander Edler.
19:19 of 3rd period - Shot Misses the Net.
19:26 of 3rd period - Off-side.
19:27 of 3rd period - Henrik Zetterberg wins face-off versus Jack Eichel in neutral zone.
19:32 of 3rd period - Snap shot by Henrik Zetterberg.
19:32 of 3rd period - Stopped by Jaroslav Halak without a rebound.
19:33 of 3rd period - Jack Eichel wins face-off versus Henrik Zetterberg in Predators zone.
19:37 of 3rd period - Off-side.
19:38 of 3rd period - Henrik Zetterberg wins face-off versus Jack Eichel in neutral zone.
19:43 of 3rd period - Wrist shot by Henrik Zetterberg.
19:43 of 3rd period - Shot Misses the Net.
19:45 of 3rd period - Snap shot by Leon Draisaitl.
19:45 of 3rd period - Stopped by Jaroslav Halak with a rebound.
19:47 of 3rd period - Wrist shot by Leon Draisaitl.
19:47 of 3rd period - Shot Misses the Net.
19:49 of 3rd period - Slapshot by Henrik Zetterberg.
19:49 of 3rd period - Stopped by Jaroslav Halak without a rebound.
19:50 of 3rd period - Henrik Zetterberg wins face-off versus Jack Eichel in Predators zone.
19:57 of 3rd period - Slapshot by Henrik Zetterberg.
19:57 of 3rd period - Deflect By Pavel Buchnevich.
19:57 of 3rd period - Deflect By Ryan Mcdonagh.
19:57 of 3rd period - Shot Misses the Net.
19:57 of 3rd period - Puck is out of play.
19:58 of 3rd period - Jack Eichel wins face-off versus Henrik Zetterberg in Predators zone.
Goals for this period are 1 for Predators vs 0 for Oilers.
Shots for this period are 12 for Predators vs 11 for Oilers.